 Dungeon Crawl Stone Soup version 0.31.0 (webtiles) character file.

Game seed: 14635239011554022967

61 qw the Shooter (level 4, 0/27 HPs)
             Began as a Gargoyle Hunter on Jan 19, 2024.
             Slain by a goblin
             ... wielding a +0 club
             ... led by Robin
              (6 damage)
             ... on level 2 of the Dungeon.
             The game lasted 00:00:03 (1062 turns).

qw the Shooter (Gargoyle Hunter)                    Turns: 1062, Time: 00:00:04

Health: 0/27       AC:  8    Str: 15    XL:     4   Next: 7%
Magic:  4/4        EV: 11    Int:  9    God:
Gold:   126        SH:  0    Dex: 15    Spells: 3/3 levels left

rFire   + . .        a - +0 shortbow
rCold   . . .        (shield currently unavailable)
rNeg    + . .        d - +0 ring mail
rPois   inf          (no helmet)
rElec   +            (no cloak)
rCorr   .            (no gloves)
SInv    .            (no boots)
Will    .....        (no amulet)
Stlth   +            j - ring of protection from fire
HPRegen 0.24/turn    (no ring)
MPRegen 0.09/turn

%: no passive effects
@: no status effects
A: sickness immunity, AC +3, negative energy resistance 1, electricity
resistance, torment resistance 1, petrification resistance
a: no special abilities


You were on level 2 of the Dungeon.
You visited 1 branch of the dungeon, and saw 2 of its levels.

You collected 126 gold pieces.


Innate Abilities, Weirdness & Mutations

You are immune to sickness and miasma.
Your stone body is resilient. (AC +3)
You are immune to poison.
You resist negative energy. (rN+)
You are resistant to electric shocks. (rElec)
You are resistant to unholy torment.
You are immune to petrification.


   Skills:
 + Level 2.8 Fighting
 - Level 5.0 Ranged Weapons
 - Level 1.4 Armour
 - Level 1.5 Dodging
 - Level 1.1 Stealth


You had 3 spell levels left.
You didn't know any spells.
Your spell library was empty.

Inventory:

Hand Weapons
 a - a +0 shortbow (weapon)
Armour
 d - a +0 ring mail (worn)
Jewellery
 j - a ring of protection from fire (left hand)
Scrolls
 b - a scroll of identify
 f - a scroll of revelation {unknown}
Potions
 c - a potion of invisibility {unknown}
 e - a potion of attraction {unknown}

Dungeon Overview and Level Annotations

Branches:
Dungeon (2/15)

Altars:

Annotations:
D:2 Robin


Message History

The hobgoblin shouts!
The arrow hits the goblin.
The goblin is moderately wounded.
Robin roars a battlecry!
The goblins go into a battle-frenzy!
The goblin closely misses you. The hobgoblin closely misses you.
You shoot an arrow. The arrow hits the goblin!
You kill the goblin!
A goblin comes into view. It is wielding a +0 club.
A hobgoblin comes into view.
The hobgoblin barely misses you.
A hobgoblin comes into view.
You shoot an arrow. The arrow hits the goblin.
The goblin is severely wounded.
Robin throws the goblin at you!
The goblin hits you but does no damage. x2
A hobgoblin comes into view.
The hobgoblin hits you but does no damage.
You shoot an arrow. The arrow closely misses the goblin. x2
The hobgoblin shouts!
The goblin hits you but does no damage. The goblin misses you.
The hobgoblin hits you. The goblin hits you with a +0 club. x2
The hobgoblin barely misses you.
You shoot an arrow. The arrow completely misses the goblin.
The arrow closely misses the goblin.
The goblin closely misses you. The goblin hits you but does no damage.
The hobgoblin barely misses you.
A goblin comes into view. It is wielding a +0 club.
You shoot an arrow. The arrow hits the goblin.
The goblin is almost dead.
The goblin hits you with a +0 club. The goblin barely misses you.
The hobgoblin hits you.
You shoot an arrow. The arrow closely misses the goblin.
The arrow hits the goblin but does no damage.
The goblin hits you but does no damage. The goblin misses you.
The hobgoblin misses you.
You shoot an arrow. The arrow barely misses the goblin.
The arrow hits the goblin!
You kill the goblin!
The goblin hits you with a +0 club. x2
You die...

#...............#
#....<.##.####..##
######....#
#...##### ##..##
#.#...... ##.##
##.#..#### ###..#
#..##..... ##....#
#.########
#..##.###.#
#@###...#.#
..ggggggg####.#.#
.$..ggg).# #...#
.........# #####
#........#
#........#
#........#
##########


You could see Robin, 5 hobgoblins and 4 goblins.

Vanquished Creatures
  An adder (D:2)
  5 dart slugs (D:1)
  2 bats (D:2)
  5 endoplasms (D:1)
  A giant cockroach (D:2)
  7 goblins
  4 hobgoblins (D:1)
  2 quokkas (D:1)
  4 ball pythons (D:1)
  A frilled lizard (D:2)
  4 kobolds
  3 rats
39 creatures vanquished.

Notes
Turn   | Place    | Note
-------+----------+-------------------------------------------
     0 | D:1      | qw the Gargoyle Hunter began the quest for the Orb.
     0 | D:1      | Reached XP level 1. HP: 12/12 MP: 1/1
     0 | D:1      | 0 ||| qw: Version: 0.3-a-132-g3d54051
     0 | D:1      | 0 ||| qw: Game counter: 146
     0 | D:1      | 0 ||| qw: Melee chars always use a shield: true
     0 | D:1      | 0 ||| qw: God list: Okawaru
     0 | D:1      | 0 ||| qw: Allow faded altars: false
     0 | D:1      | 0 ||| qw: Do Orc after clearing Dungeon:15 true
     0 | D:1      | 0 ||| qw: Do second Lair branch before Depths: true
     0 | D:1      | 0 ||| qw: Lair rune preference: random
     0 | D:1      | 0 ||| qw: Goals: Normal
     0 | D:1      | 0 ||| PLANNING D:1-11
    53 | D:1      | Reached XP level 2. HP: 14/17 MP: 2/2
   258 | D:1      | Reached XP level 3. HP: 21/21 MP: 3/3
   281 | D:1      | Reached skill level 5 in Ranged Weapons
   549 | D:1      | 549 ||| UPGRADING to +0 ring mail.
   559 | D:1      | 559 ||| DROPPING +0 leather armour.
   560 | D:1      | 560 ||| UPGRADING to ring of protection from fire.
   561 | D:1      | 561 ||| READING 2 scrolls labelled QANOPS PEMMY.
   562 | D:1      | 562 ||| READING scroll labelled YDEDGH VOSUGAU.
   567 | D:1      | 567 ||| READING scroll labelled JINU BISAI.
   668 | D:1      | 668 ||| READING scroll labelled AXKOBO ASAVI.
   669 | D:1      | 669 ||| READING scroll labelled TIMASCH XOHU.
   669 | D:1      | 669 ||| IDENTIFYING lumpy purple potion
   670 | D:1      | 670 ||| DROPPING scroll of butterflies.
   671 | D:1      | 671 ||| DROPPING scroll of blinking.
   672 | D:1      | 672 ||| DROPPING potion of brilliance.
   754 | D:2      | Found a faded altar of an unknown god.
   901 | D:2      | Reached skill level 1 in Armour
   901 | D:2      | Reached XP level 4. HP: 27/27 MP: 4/4
  1054 | D:2      | Noticed Robin
  1062 | D:2      | HP: 6/27 [goblin/+0 club[Robin] (5)]
  1062 | D:2      | Slain by a goblin

Levels and vault maps discovered:
D:1:      erik_arrival_triangle_medium, layout_basic, due_unseen_surprise
D:2:      layout_rooms, basic_altar, chequers_ecumenical_altar_island,
          uniq_robin

Skill      XL: |  1  2  3 |
---------------+----------+-----
Ranged Weapons | 5 |  5.0
Armour         | 1 |  1.4
Fighting       | |  2.8
Dodging        | |  1.5
Stealth        | |  1.1

Action                     |  1- 3 |  4- 6 || total
---------------------------+-------+-------++-------
   Fire: Shortbow          |    99 |    13 ||   112
    Use: Scroll            |     5 |       ||     5
 Armour: Leather armour    |    10 |       ||    10
         Ring mail         |     5 |    16 ||    21
  Dodge: Dodged            |    14 |    12 ||    26

Table legend:
 A = Non-vault XP
 B = Vault XP
 C = Vault XP percentage of total XP
 D = Non-vault monster count
 E = Vault monster count
 F = Vault count percentage of total count
                 A         B        C        D         E       F
            +---------+---------+-------+---------+---------+-------
      Total |      84 |       6 |   6.7 |      36 |       3 |   7.7
            +---------+---------+-------+---------+---------+-------
        D:1 |      59 |       0 |   0.0 |      27 |       0 |   0.0
        D:2 |      25 |       6 |  19.4 |       9 |       3 |  25.0
            +---------+---------+-------+---------+---------+-------
